AoeStats
← Jan Itor

Fortress

509742934Analyzed
4v4 RM · 4d ago on Sep 27, 2026· 34m 47s· 8 players
Game mode
Random Map
Map size
Huge
Population
200
Speed
Normal
Resources
Standard
Victory
Conquest
Starting age
Dark Age
Ending age
Imperial Age
RankedLock teamsTeams togetherTeam positionsShared explorationLock speedFull tech treeHidden civsTurbo modeCheats
Victory
Defeat
🇦🇷 Malay · Argentina
1965
+3
🇩🇪 Varangians · Germany
1807
+6
🇵🇰 Dravidians · Pakistan
1713
+8
🇦🇷 Teutons · Argentina
1571
+13
🇹🇷 Vikings · Türkiye
1586
-9
🇫🇷 Burmese · France
1581
-9
🇮🇪 Romans · Ireland
1556
-7
🇱🇧 Aztecs · Lebanon
1459
-5
[CL] Feargoras
7:05 Feudal Age
10:53 Castle Age
9:17 Double-Bit Axe
9:19 Horse Collar
12:20 Bow Saw
18:11 Wheelbarrow
19:15 Loom
19:42 Heavy Plow
24:17 Imperial Age
22:36 Scale Barding Armor
22:34 Gold Mining
23:17 Forging
24:05 Bloodlines
24:20 Chain Barding Armor
24:32 Stone Mining
24:21 Cavalier
25:42 Plate Barding Armor
26:14 Conscription
26:23 Caravan
31:34 Paladin
34:11 Iron Casting
36:13 Blast Furnace
Mubeen
7:12 Feudal Age
10:53 Castle Age
9:03 Horse Collar
9:39 Double-Bit Axe
11:54 Bow Saw
17:57 Loom
19:02 Wheelbarrow
19:22 Gold Mining
20:01 Stone Mining
21:30 Hand Cart
24:44 Imperial Age
22:18 Fletching
22:55 Bodkin Arrow
23:35 Heavy Plow
23:57 Padded Archer Armor
23:43 Town Watch
24:08 Thumb Ring
24:49 Husbandry
25:27 Bracer
26:30 Chemistry
25:57 Ballistics
26:07 Medical Corps
26:22 Conscription
26:37 Leather Archer Armor
26:04 Elite Elephant Archer
27:30 Conscription
28:54 Ring Archer Armor
31:13 Caravan
Jan Itor
7:57 Feudal Age
11:32 Castle Age
9:14 Horse Collar
9:34 Double-Bit Axe
12:27 Heavy Plow
12:53 Bow Saw
15:11 Wheelbarrow
19:30 Hand Cart
20:37 Loom
20:49 Stone Mining
24:39 Imperial Age
22:25 Scale Barding Armor
22:49 Forging
23:30 Chain Barding Armor
23:16 Husbandry
24:34 Iron Casting
24:19 Bloodlines
24:53 Stone Shaft Mining
24:14 Gold Mining
25:02 Town Watch
25:43 Conscription
26:22 Plate Barding Armor
25:29 Vendel Legacy
25:50 Elite Jarl
27:58 Blast Furnace
28:31 Caravan
32:51 Crop Rotation
33:24 Two-Man Saw
33:36 Elite Varangian Guard
Gary_zZ
8:42 Feudal Age
11:59 Castle Age
9:54 Double-Bit Axe
10:11 Horse Collar
11:53 Bow Saw
14:02 Wheelbarrow
17:13 Hand Cart
19:53 Gold Mining
20:07 Heavy Plow
21:22 Gold Shaft Mining
24:53 Imperial Age
22:18 Fletching
22:29 Padded Archer Armor
22:46 Stone Mining
22:46 Crossbowman
23:24 Bodkin Arrow
23:53 Ballistics
24:08 Thumb Ring
25:32 Chemistry
24:35 Bracer
24:56 Arbalester
26:23 Conscription
27:06 Leather Archer Armor
26:34 Elite Skirmisher
27:36 Siege Engineers
28:34 Ring Archer Armor
29:54 Caravan
30:40 Forging
30:37 Scale Barding Armor
30:14 Treadmill Crane
30:44 Masonry
30:46 Squires
33:55 Coinage
Koti
7:54 Feudal Age
11:34 Castle Age
13:13 Wheelbarrow
12:50 Horse Collar
14:06 Heavy Plow
17:09 Loom
18:28 Gold Mining
20:07 Hand Cart
24:18 Imperial Age
24:54 Husbandry
25:04 Bloodlines
25:33 Conscription
25:29 Padded Archer Armor
25:26 Elite Arambai
26:38 Fletching
27:06 Fortified Wall
27:04 Treadmill Crane
27:35 Masonry
27:32 Howdah
27:59 Manipur Cavalry
28:05 Bodkin Arrow
30:15 Bracer
30:36 Ballistics
30:47 Architecture
32:07 Chemistry
31:06 Murder Holes
Madbun
7:57 Feudal Age
11:42 Castle Age
10:05 Double-Bit Axe
12:53 Loom
13:46 Wheelbarrow
13:51 Bow Saw
18:26 Horse Collar
19:49 Town Watch
22:11 Gold Mining
25:32 Imperial Age
24:22 Hand Cart
24:32 Heavy Plow
24:34 Fletching
24:44 Padded Archer Armor
24:49 Scale Mail Armor
25:01 Forging
25:57 Man-at-Arms
26:38 Squires
26:00 Pikeman
27:04 Ballistas
27:06 Heavy Scorpion
27:23 Long Swordsman
28:43 Chain Mail Armor
29:03 Iron Casting
29:09 Conscription
28:36 Legionary
29:01 Halberdier
35:15 Blast Furnace
34:39 Ballistics
35:20 Chemistry
Katnip
7:51 Feudal Age
11:45 Castle Age
10:22 Double-Bit Axe
10:18 Horse Collar
12:39 Bow Saw
15:19 Wheelbarrow
14:32 Loom
14:33 Town Watch
17:49 Heavy Plow
20:08 Gold Mining
20:09 Stone Mining
21:55 Hand Cart
26:58 Imperial Age
25:42 Fortified Wall
25:47 Forging
25:38 Scale Mail Armor
25:26 Gambesons
26:15 Murder Holes
26:11 Pikeman
26:52 Squires
27:29 Iron Casting
28:08 Conscription
27:51 Fletching
28:02 Padded Archer Armor
28:06 Atlatl
28:48 Iron Casting
28:28 Chain Mail Armor
28:37 Ballistics
29:18 Chemistry
28:10 Elite Skirmisher
28:47 Bodkin Arrow
29:43 Crop Rotation
30:21 Leather Archer Armor
31:41 Blast Furnace
LonzoWall
8:32 Feudal Age
9:04 Double-Bit Axe
8:59 Horse Collar
13:02 Castle Age
14:53 Gold Mining
18:12 Imperial Age
16:19 Fletching
16:07 Crossbowman
17:29 Bodkin Arrow
19:10 Bracer
22:14 Loom
24:04 Arbalester
26:12 Ballistics
27:34 Chemistry
30:46 Bow Saw
32:29 Padded Archer Armor
Connection lost

Rejoining the realm…

Still unreachable

The connection could not be restored.

Session expired

The server has moved on; the page needs a fresh start.